 Dungeon Crawl Stone Soup version 0.31-a0-1278-g11c5b68f87 (webtiles) character file.

Game seed: 12331242725609118574

3504 Crabhammer the Martial Artist (level 10, -2/65 HPs)
             Began as an Octopode Shapeshifter on Dec 18, 2023.
             Was a Follower of Wu Jian.
             Slain by an ice beast (13 damage)
             ... on level 8 of the Dungeon.
             The game lasted 00:38:53 (7608 turns).

Crabhammer the Martial Artist (OpSh)                Turns: 7608, Time: 00:38:54

Health: -2/65      AC:  1    Str: 15    XL:     10   Next: 7%
Magic:  4/10       EV: 13    Int: 12    God:    Wu Jian [*.....]
Gold:   453        SH:  5    Dex: 15    Spells: 9/9 levels left

rFire   . .          .
                       - Unarmed
rCold   . . .        s - +1 buckler
rNeg    + . .        (helmet currently unavailable)
rPois   .            (no amulet)
rElec   .            o - ring of positive energy
rCorr   .            (no ring)
SInv    .            (no ring)
Will    .....        (no ring)
Stlth   ++++         (no ring)
HPRegen 0.30/turn    (no ring)
MPRegen 0.12/turn    (no ring)
                     (no ring)

%: no passive effects
@: beast-form
A: beast (slay +3), almost no armour, amphibious, 8 rings, camouflage 1,
gelatinous body 1, (nimble swimmer 1), tentacles
a: Begin Untransformation, Renounce Religion


You were on level 8 of the Dungeon.
You worshipped Wu Jian.
Wu Jian was aware of your devotion.
You were a hulking beast.
You visited 2 branches of the dungeon, and saw 9 of its levels.
You also visited: Sewer.

You collected 453 gold pieces.

Inventory:

Hand Weapons
 a - the +7 sling of Responsibility {antimagic, +Blink Dex+4 Stlth+}
   (You found it on level 2 of the Dungeon)

   Dex+4:     It affects your dexterity (+4).
   +Blink:    It lets you blink.
   Stlth+:    It makes you more stealthy.
 r - a +1 dagger of venom
Missiles
 g - a throwing net
Armour
 s - a +1 buckler (worn)
Jewellery
 o - a ring of positive energy (left tentacle)
Talismans
 b - a beast talisman
 c - a flux talisman
Wands
 h - a wand of iceblast (22)
 t - a wand of flame (20)
 x - a wand of mindburst (12)
Scrolls
 e - 5 scrolls of teleportation
 f - a scroll of enchant weapon
 j - a scroll of immolation
 p - 2 scrolls of silence
 q - a scroll of fear
 v - a scroll of enchant armour
Potions
 i - 3 potions of brilliance
 k - a potion of attraction
 l - 3 potions of curing
 m - 2 potions of heal wounds {unknown}
 n - a potion of berserk rage
 u - a potion of mutation {unknown}
 w - 2 potions of lignification


   Skills:
 + Level 4.8 Fighting
 - Level 5.1 Ranged Weapons
 + Level 2.7 Dodging
 + Level 5.5 Stealth
 + Level 0.4 Shields
 * Level 10.3 Unarmed Combat
 * Level 5.6 Shapeshifting


You had 9 spell levels left.
You didn't know any spells.
Your spell library contained the following spells:

 Spells                   Type           Power      Damage    Failure   Level
 Necrotise                Necr           0%         1d4       41%         1


Dungeon Overview and Level Annotations

Branches:
Dungeon (8/15)             Temple (1/1) D:6           Sewer (visited)
   Lair: D:8-11

Altars:
Ashenzari
Cheibriados
Elyvilon
Fedhas
Gozag
Hepliaklqana
Kikubaaqudgha
Makhleb
Nemelex Xobeh
Qazlal
Ru
Sif Muna
Trog
Uskayaw
Vehumet
Wu Jian
Xom
Yredelemnul
Zin
The Shining One

Annotations:
D:3 1 runed translucent door, soberseth's ghost, amateur GnSu
D:7 Jeremiah


Innate Abilities, Weirdness & Mutations

You are a hulking beast.
Your limbs bulge with bestial killing power. (Slay +3)
You cannot wear most types of armour.
You are amphibious.
You can wear up to eight rings at the same time.
Your skin changes colour to match your surroundings (Stealth+).
Your rubbery body absorbs attacks. (AC +1, EV +1)
((You are camouflaged when in or above water. (Stealth+)))
You have tentacles for arms and can constrict up to eight enemies at once.


Message History

You shoot a sling bullet. The sling bullet hits the orc!
You kill the orc!
The Council accepts your kill.
You start resting.
An ice beast comes into view.
Fire: a) +7 sling of Responsibility {antimagic, +Blink Dex+4 Stlth+}
Press: ? - help, Q - select action, (/) - cycle Shift-Dir - straight line, f - ice beast
Aim: an ice beast (wandering, hasn't noticed you, 72% to hit)
You shoot a sling bullet.
The sling bullet barely misses the ice beast.
Fire: a) +7 sling of Responsibility {antimagic, +Blink Dex+4 Stlth+}
Press: ? - help, Q - select action, (/) - cycle Shift-Dir - straight line, f/p - ice beast
Aim: an ice beast (72% to hit)
You shoot a sling bullet. The sling bullet hits the ice beast.
The ice beast is moderately wounded.
Aiming: Throw Flame
Press: ? - help, Shift-Dir - straight line, f/p - ice beast
Aim: an ice beast (moderately wounded, 68% to hit)
The puff of flame hits the ice beast.
The ice beast melts!
The ice beast is heavily wounded.
You block the ice beast's attack.
You barely miss the ice beast.
The ice beast is heavily wounded.
The ice beast hits you. The ice beast freezes you!
You bludgeon the ice beast!
The ice beast is severely wounded.
The ice beast hits you. The ice beast freezes you!
You tentacle-slap the ice beast.
The ice beast is almost dead.
The ice beast hits you. The ice beast freezes you!
You completely miss the ice beast.
The ice beast is almost dead.
The ice beast hits you. The ice beast freezes you!
* * * LOW HITPOINT WARNING * * *
You tentacle-slap the ice beast.
The ice beast is almost dead.
The ice beast hits you.
* * * LOW HITPOINT WARNING * * *
The ice beast freezes you!
You die...

... ##.#
....
.)########
.)#.....<#
#.#.######
#Y#.#
#h#.#
#..)#
#...#
#...#
...#..
#......#
####.)>.
)#### #.


You could see an ice beast.

Vanquished Creatures
  Grinder (D:3)
  7 yaks (D:7)
  Duvessa (D:7)
  A water moccasin (D:7)
  2 ice beasts
  A black bear (D:6)
  Pargi (Sewer)
  2 ogres
  2 centaurs
  A phantom (D:7)
  A kobold brigand (D:8)
  A brain worm (Sewer)
  A bullfrog (D:6)
  A gnoll sergeant (D:6)
  A scorpion (D:7)
  4 wights (D:7)
  Dowan (D:7)
  An orc priest (D:5)
  3 hounds
  3 iguanas
  A gnoll bouda (D:6)
  A sleepcap (D:7)
  4 orc wizards
  6 adders
  17 gnolls
  A shadow imp (D:7)
  2 white imps (D:7)
  2 ufetubi (D:5)
  3 dart slugs
  21 orcs
  4 ball pythons
  11 endoplasms
  4 giant cockroaches
  5 hobgoblins
  7 jackals
  5 quokkas
  12 bats
  A frilled lizard (D:1)
  5 goblins
  4 kobolds
  4 rats
156 creatures vanquished.

Notes
Turn   | Place    | Note
-------+----------+-------------------------------------------
     0 | D:1      | Crabhammer the Octopode Shapeshifter began the quest for
                  | the Orb.
     0 | D:1      | Reached XP level 1. HP: 13/13 MP: 1/1
   143 | D:1      | Reached XP level 2. HP: 11/18 MP: 2/2
   465 | D:1      | Reached skill level 4 in Unarmed Combat
   589 | D:1      | Reached XP level 3. HP: 21/23 MP: 3/3
   681 | D:2      | Identified the +7 sling of Responsibility {antimagic,
                  | +Blink Dex+4 Stlth+}
  1032 | D:2      | Reached XP level 4. HP: 28/28 MP: 1/4
  1232 | D:2      | Reached skill level 1 in Ranged Weapons
  1814 | D:3      | Reached skill level 5 in Unarmed Combat
  1823 | D:3      | Reached XP level 5. HP: 33/33 MP: 1/5
  1903 | D:3      | Found a runed translucent door.
  1904 | D:3      | Noticed soberseth's ghost (amateur GnSu)
  2009 | D:3      | Found a glowing drain.
  2013 | Sewer    | Entered a sewer
  2071 | Sewer    | Noticed Pargi
  2078 | Sewer    | Killed Pargi
  2079 | Sewer    | Reached XP level 6. HP: 38/38 MP: 1/6
  2721 | D:3      | Noticed Grinder
  2730 | D:3      | Killed Grinder
  2731 | D:3      | Reached skill level 5 in Ranged Weapons
  2731 | D:3      | Reached skill level 6 in Unarmed Combat
  2731 | D:3      | Reached XP level 7. HP: 41/43 MP: 2/7
  3073 | D:4      | Found a burning altar of Makhleb.
  3360 | D:4      | Found a glowing golden altar of the Shining One.
  3657 | D:4      | Reached skill level 1 in Stealth
  3860 | D:5      | Entered Level 5 of the Dungeon
  4202 | D:5      | Found a bloodstained altar of Trog.
  4229 | D:5      | Reached XP level 8. HP: 32/50 MP: 2/8
  4721 | D:5      | Found a hide-covered altar of Uskayaw.
  4863 | D:5      | Reached skill level 7 in Unarmed Combat
  4902 | D:5      | Found a white marble altar of Elyvilon.
  4903 | D:5      | Found a stormy altar of Qazlal.
  5641 | D:6      | Found a staircase to the Ecumenical Temple.
  5647 | Temple   | Entered the Ecumenical Temple
  5652 | Temple   | Became a worshipper of the Wu Jian Council
  6419 | D:7      | Noticed a yak
  6451 | D:7      | Noticed a yak
  6606 | D:7      | Reached XP level 9. HP: 57/57 MP: 2/9
  6631 | D:7      | Reached skill level 8 in Unarmed Combat
  6672 | D:7      | Reached skill level 5 in Shapeshifting
  6892 | D:7      | Reached skill level 5 in Stealth
  6904 | D:7      | Reached skill level 9 in Unarmed Combat
  6926 | D:7      | Noticed Jeremiah
  6987 | D:7      | Reached * piety under Wu Jian
  7098 | D:7      | Reached skill level 10 in Unarmed Combat
  7222 | D:7      | Noticed Duvessa
  7240 | D:7      | Noticed Dowan
  7247 | D:7      | Killed Dowan
  7248 | D:7      | Reached XP level 10. HP: 64/65 MP: 3/10
  7345 | D:7      | Killed Duvessa
  7377 | D:7      | Found a radiant altar of Vehumet.
  7384 | D:7      | Found an ancient bone altar of Kikubaaqudgha.
  7385 | D:7      | Found a shimmering blue altar of Sif Muna.
  7396 | D:7      | Got Kikubaaqudgha's Codex of Skeletons
  7608 | D:8      | Slain by an ice beast

Illustrated notes

Levels and vault maps discovered:
D:1:      tarquinn_simple_flora_water_d, layout_loops_ring, moated_statue,
          serial_bayou_pond_e
D:2:      layout_basic
D:3:      layout_loops_ring, gup_sewer_entry_bowl, ebering_ghost_sewer_d,
          st_stairs_8, minivault_23, uniq_grinder
D:4:      layout_loops_corners, nicolae_tso_carved_into_rock,
          general_overflow_altar
D:5:      layout_gridville, nicolae_uskayaw_dance_hall,
          gammafunk_temple_overflow_pools, mainiacjoe_overflow_alcove_4
D:6:      layout_basic, minmay_temple_entry_waves
D:7:      layout_loops_ring, grunt_temple_overflow_magic_moments, uniq_jeremiah,
          uniq_duvessa
D:8:      layout_basic, nicolae_dithmenos_the_darkroom
Temple:   minmay_freezing_vapour_temple

Skill      XL: |  1  2  3  4  5  6  7  8  9 |
---------------+----------------------------+-----
Unarmed Combat | 4 5 6 7 10 | 10.3
Ranged Weapons | 1 3 5 |  5.1
Stealth        | 2 4 5 |  5.5
Fighting       | 2 3 4 |  4.8
Shapeshifting  | 4 5 |  5.6
Dodging        | |  2.7
Shields        | |  0.4

Action                     |  1- 3 |  4- 6 |  7- 9 | 10-12 || total
---------------------------+-------+-------+-------+-------++-------
  Melee: Unarmed           |    37 |     4 |    83 |    14 ||   138
         Constrict         |     8 |     3 |    11 |     1 ||    23
         Tentacles         |     6 |     1 |    19 |     1 ||    27
         Dagger            |       |     3 |       |       ||     3
         Punch             |       |       |     2 |       ||     2
   Fire: Sling             |    14 |    76 |   154 |    20 ||   264
Ability: Lunge             |       |       |    10 |       ||    10
  Evoke: Wand              |       |     1 |     7 |     6 ||    14
    Use: Scroll            |     4 |     2 |     7 |     1 ||    14
         Potion            |       |       |     4 |     1 ||     5
   Stab: Sleeping          |     6 |       |     3 |       ||     9
 Armour: Skin              |     7 |     8 |    36 |    12 ||    63
  Dodge: Dodged            |    19 |     7 |    26 |     5 ||    57
  Block: Buckler           |       |       |     6 |     4 ||    10

Table legend: (Time is in decaauts)
 A = Elapsed time spent in this place.
 B = Non-inter-level travel time spent in this place.
 C = Inter-level travel time spent in this place.
 D = Time resting spent in this place.
 E = Time spent auto-exploring this place.
 F = Levels seen in this place.
 G = Mean time per level.
                   A        B        C        D        E       F      G
               +--------+--------+--------+--------+--------+-----+--------+
         Total |   7632 |   6844 |    788 |    900 |   3452 |  10 |  763.2 |
       Dungeon |   7481 |   6693 |    788 |    867 |   3452 |   8 |  935.1 |
        Temple |     10 |     10 |      0 |      0 |      0 |   1 |   10.0 |
         Sewer |    140 |    140 |      0 |     33 |      0 |   1 |  140.0 |
               +--------+--------+--------+--------+--------+-----+--------+

Top non-repeatable levels by time:
     D:6: 1298 daAuts
     D:5: 1172 daAuts
     D:4: 1165 daAuts
     D:2: 1057 daAuts
     D:7: 1012 daAuts
     D:3: 931 daAuts
     D:1: 730 daAuts
   Sewer: 140 daAuts
     D:8: 112 daAuts
  Temple: 10 daAuts
